cohdb
Replays
Latest Replays
All Replays
Popular Replays
Top Player Replays
Match Explorer
How It Works
Community
CoH3 Stats
Reddit
Sign in to upload your games and track your stats! →
Sign in with Steam
Match 46903559
Unlisted
Match 46903559
Overview
Messages
Build Orders
End
Royal Engineer Section
Royal Engineer Section
Royal Engineer Section
Construct Section Command Post
Infantry Section
Infantry Section
Construct Platoon Command Post
Humber Armored Car
Construct Field Infirmary
Selects Canadian Shock Battlegroup
Selects Attacking Spirit
Selects Incendiary Munitions
Selects Canadian Shock Section
Canadian Shock Section
Selects Pyrotechnics
6-pounder Anti-tank Gun Team
Construct Company Command Post
Crusader II Medium Tank
Selects Demolition Engineering
Demolition Engineering
Crusader II Medium Tank
Infantry Training
Crusader II Medium Tank
Armored Vehicle Training
FeriG
Xandr27
0
0
Comments
sign in to comment!
No comments posted yet!